 Dungeon Crawl Stone Soup version 0.29-a0-275-g389c0b56f3 (webtiles) character file.

Game seed: 7640574165875048213

124 spaghetti the Ducker (level 4, 0/33 HPs)
             Began as a Mummy Brigand on Mar 11, 2022.
             Slain by an ice beast (5 damage)
             ... on level 5 of the Dungeon.
             The game lasted 00:03:09 (2064 turns).

spaghetti the Ducker (Mummy Brigand)                Turns: 2064, Time: 00:03:10

Health: 0/33       AC:  4    Str: 14    XL:     4   Next: 81%
Magic:  4/4        EV: 13    Int: 10    God:
Gold:   146        SH:  0    Dex: 15    Spells: 3/3 levels left

rFire   x . .      SeeInvis .   b - +2 short sword (freeze) {short}
rCold   + . .      Faith    .   (no shield)
rNeg    + + +      Spirit   .   d - +0 robe
rPois   ∞          Reflect  .   (no helmet)
rElec   .          Harm     .   c - +1 cloak
rCorr   .          Rampage  .   (no gloves)
Will    .....                   (no boots)
Stlth   ++........              k - amulet of the acrobat
HPRegen 0.11/turn               (no ring)
MPRegen 0.09/turn               (no ring)

@: no status effects
A: cold resistance 1, negative energy resistance 3, torment resistance 2, heat
vulnerability 1, in touch with death 1, no potions
a: no special abilities


You were on level 5 of the Dungeon.
You visited 1 branch of the dungeon, and saw 5 of its levels.

You collected 146 gold pieces.


Innate Abilities, Weirdness & Mutations

You are immune to poison.
Your flesh is cold resistant. (rC+)
You are immune to negative energy. (rN+++)
You are immune to unholy pain and torment.
You are vulnerable to heat. (rF-)
You are in touch with the powers of death.
You do not drink.


   Skills:
 - Level 2.0 Fighting
 - Level 1.5 Short Blades
 - Level 1.5 Throwing
 + Level 3.9 Dodging
 - Level 3.2 Stealth


You had 3 spell levels left.
You didn't know any spells.
Your spell library contained the following spells:

 Spells                   Type           Power      Damage    Failure   Level
 Ignite Poison            Fire/Tmut/Pois 0%         N/A       75%         3
 Mephitic Cloud           Conj/Pois/Air  0%         N/A       75%         3
 Freezing Cloud           Conj/Ice/Air   0%         6-21      100%        5

Inventory:

Hand Weapons
 a - a +0 hand crossbow {crossbow}
   (You found it on level 3 of the Dungeon)
 b - a +2 short sword of freezing (weapon) {short}
   (You took it off a kobold on level 1 of the Dungeon)
 h - a +2 dagger {short}
Missiles
 e - 2 curare-tipped darts {=fthrowing}
 f - 101 stones (quivered) {throwing}
 i - 12 poisoned darts {throwing}
Armour
 c - a +1 cloak (worn)
 d - a +0 robe (worn)
Jewellery
 k - an amulet of the acrobat (around neck)
   (You found it on level 3 of the Dungeon)
Scrolls
 g - a scroll of identify {unknown}
 j - a scroll of noise {unknown}
 l - a scroll of enchant weapon {unknown}

Dungeon Overview and Level Annotations

Branches:
Dungeon (5/15)
 Temple: D:4-7

Altars:

Annotations:
D:4 Edmund

#.##.######.##.#..
.....##.............#
#..!.#######....#.###
#....# ####.##.....
#....## #.....#...#..
#.....# #.######### .
#.....# #.#
#.....###.#
#...@.....#
#...Y###### #...>.
#..(#.. #... .## #..(
.# .... .# ..$(. .#


You could see an ice beast.


Message History

You kill the orc!
No target in view!
No target in view!
No target in view!
You start waiting.
An orc wizard is nearby!
You shoot a bolt. The bolt closely misses the orc wizard.
Unknown command.
You shoot a bolt. The bolt hits the orc wizard.
You shoot a bolt.
The bolt hits the orc wizard but does no damage.
The orc wizard casts a spell.
The orc wizard flickers and vanishes!
Deactivating autopickup; reactivate with Ctrl-A.
Something completely misses you.
No target in view!
Unknown command.
Your +2 short sword of freezing {short} glows with a cold blue light!
b - a +2 short sword of freezing (weapon)
{short} You hit something.
You freeze something.
Reactivating autopickup.
You feel a bit more experienced.
Found an escape hatch in the floor.
j - a scroll labelled DIGOUR BIDI
Things that are here:
a +0 dagger {short}; a +0 robe; an orc corpse
Items here: )) [ †.
You open the door.
There is an open door here.
You now have 146 gold pieces (gained 9).
You open the door.
There is an open door here.
You see here 2 yellow potions.
Key pressed, stopping explore.
You hear the slow rusting of a distant drain.
Found a stone staircase leading up.
You see here a +0 pair of gloves.
Found a stone staircase leading down.
An ice beast comes into view.
An ice beast is nearby!
An ice beast is nearby!
You throw a stone {throwing}.
The stone {throwing} hits the ice beast.
You throw a stone {throwing}.
The stone {throwing} closely misses the ice beast.
You throw a stone {throwing}.
The stone {throwing} hits the ice beast.
You throw a stone {throwing}.
The stone {throwing} closely misses the ice beast.
You throw a stone {throwing}.
The stone {throwing} hits the ice beast.
You throw a stone {throwing}.
The stone {throwing} hits the ice beast but does no damage.
You closely miss the ice beast. The ice beast closely misses you.
You hit the ice beast.
The ice beast hits you but does no damage.
You hit the ice beast. The ice beast completely misses you.
You hit the ice beast.
The ice beast hits you but does no damage.
You closely miss the ice beast. The ice beast barely misses you.
You hit the ice beast.
The ice beast hits you but does no damage.
You barely miss the ice beast.
The ice beast hits you but does no damage.
You hit the ice beast. The ice beast hits you. The ice beast freezes you.
You resist.
The ice beast barely misses you. 😕 HP[-4]
You take 4 damage, and now have 29/33 hp.
You barely miss the ice beast. The ice beast hits you.
The ice beast freezes you. You resist. 😮 HP[-6]
You take 6 damage, and now have 23/33 hp.
You are too injured to fight recklessly!
You are too injured to fight recklessly!
You closely miss the ice beast. The ice beast misses you.
You barely miss the ice beast.
You hear the slow rusting of a distant drain.
The ice beast hits you. The ice beast freezes you. You resist. 😮 HP[-4]
You take 4 damage, and now have 19/33 hp.
You closely miss the ice beast.
The ice beast hits you but does no damage.
You closely miss the ice beast. The ice beast hits you.
* * * LOW HITPOINT WARNING * * *
The ice beast freezes you. You resist.
* * * LOW HITPOINT WARNING * * *
😨 HP[-5]
You take 5 damage, and now have 14/33 hp.
You hit the ice beast. The ice beast misses you.
You closely miss the ice beast. The ice beast hits you.
* * * LOW HITPOINT WARNING * * *
The ice beast freezes you! You resist.
* * * LOW HITPOINT WARNING * * *
😱 HP[-8]
You take 8 damage, and now have 6/33 hp.
MASSIVE DAMAGE!! (PAUSE)
You barely miss the ice beast. The ice beast hits you.
* * * LOW HITPOINT WARNING * * *
The ice beast freezes you. You resist.
You die...

Skill      XL: |  1  2  3 |
---------------+----------+-----
Dodging        | 1 2 3 |  3.9
Fighting       | |  2.0
Short Blades   | |  1.5
Throwing       | |  1.5
Stealth        | |  3.2

Action                   |  1- 3 |  4- 6 || total
-------------------------+-------+-------++-------
Melee: Dagger            |    26 |       ||    26
       Short sword       |    94 |    17 ||   111
       Punch             |     2 |       ||     2
 Fire: Hand crossbow     |       |     8 ||     8
Throw: Dart              |    21 |       ||    21
       Stone             |   108 |     6 ||   114
  Use: Scroll            |     2 |       ||     2
Armor: Robe              |    33 |     5 ||    38
Dodge: Dodged            |    91 |     7 ||    98

Levels and vault maps discovered:
D:1:      dpeg_arrival_snail, layout_basic,
          hellmonk_ecumenical_altar_pennies_from_heaven
D:2:      kennysheep_the_goblin_king, layout_rooms, kennysheep_cluttered_room,
          amethyst_killhole
D:3:      layout_rooms
D:4:      layout_cave_pools, uniq_edmund, uniq_grinder
D:5:      layout_basic, portal_sewer_entry_d, uniq_crazy_yiuf_cottage

Notes
Turn   | Place    | Note
-------+----------+-------------------------------------------
     0 | D:1      | spaghetti the Mummy Brigand began the quest for the Orb.
     0 | D:1      | Reached XP level 1. HP: 16/16 MP: 1/1
     0 | D:1      | magus.rc [v1.9.6]
   130 | D:1      | Reached skill level 1 in Dodging
   376 | D:1      | Reached XP level 2. HP: 22/22 MP: 2/2
   512 | D:1      | Found a faded altar of an unknown god.
   519 | D:1      | Reached skill level 2 in Dodging
  1086 | D:3      | Gained mutation: You are in touch with the powers of death.
                  | [Mummy growth]
  1086 | D:3      | Reached XP level 3. HP: 27/27 MP: 3/3
  1524 | D:3      | Reached skill level 3 in Dodging
  1871 | D:4      | You add the spells Ignite Poison, Mephitic Cloud and
                  | Freezing Cloud to your library.
  1900 | D:4      | Reached XP level 4. HP: 33/33 MP: 4/4
  1939 | D:4      | Noticed Edmund
  1962 | D:5      | Entered Level 5 of the Dungeon
  2042 | D:5      | Noticed an ice beast
  2063 | D:5      | HP: 6/33 [ice beast (7)]
  2064 | D:5      | Slain by an ice beast

Vanquished Creatures
  An orc priest (D:5)
  An orc wizard (D:5)
  An adder (D:3)
  A worm (D:3)
  A dart slug (D:1)
  An orc (D:5)
  4 endoplasms
  4 giant cockroaches
  6 goblins
  4 hobgoblins
  6 jackals (D:3)
  6 kobolds
  3 quokkas
  4 bats (D:3)
  6 frilled lizards
  3 rats
52 creatures vanquished.

Table legend:
 A = Non-vault XP
 B = Vault XP
 C = Vault XP percentage of total XP
 D = Non-vault monster count
 E = Vault monster count
 F = Vault count percentage of total count
                 A         B        C        D         E       F
            +---------+---------+-------+---------+---------+-------
      Total |     170 |       8 |   4.5 |      48 |       4 |   7.7
            +---------+---------+-------+---------+---------+-------
        D:1 |      25 |       0 |   0.0 |      14 |       0 |   0.0
        D:2 |       0 |       6 | 100.0 |       0 |       3 | 100.0
        D:3 |      58 |       2 |   3.3 |      27 |       1 |   3.6
        D:4 |       8 |       0 |   0.0 |       4 |       0 |   0.0
        D:5 |      79 |       0 |   0.0 |       3 |       0 |   0.0
            +---------+---------+-------+---------+---------+-------

Illustrated notes

Table legend:
 A = Kills in this place as a percentage of kills in entire the game.
 B = Kills by you in this place as a percentage of kills by you in the entire game.
 C = Kills by friends in this place as a percentage of kills by friends in the entire game.
 D = Other kills in this place as a percentage of other kills in the entire game.
 E = Experience gained in this place as a percentage of experience gained in the entire game.
 F = Experience gained in this place divided by the number of levels of this place that you have seen.
                   A       B       C       D       E      F
               +-------+-------+-------+-------+-------+----------------------
         Total | 100.0 | 100.0 |   N/A |   N/A | 100.0 |  35.6
       Dungeon | 100.0 | 100.0 |   N/A |   N/A | 100.0 |  35.6
               +-------+-------+-------+-------+-------+----------------------

Table legend: (Time is in decaauts)
 A = Elapsed time spent in this place.
 B = Non-inter-level travel time spent in this place.
 C = Inter-level travel time spent in this place.
 D = Time resting spent in this place.
 E = Time spent auto-exploring this place.
 F = Levels seen in this place.
 G = Mean time per level.
                   A        B        C        D        E       F      G
               +--------+--------+--------+--------+--------+-----+--------+
         Total |   2068 |   1983 |     85 |    216 |   1330 |   5 |  413.6 |
       Dungeon |   2068 |   1983 |     85 |    216 |   1330 |   5 |  413.6 |
               +--------+--------+--------+--------+--------+-----+--------+

Top non-repeatable levels by time:
     D:3: 970 daAuts
     D:1: 795 daAuts
     D:4: 150 daAuts
     D:5: 105 daAuts
     D:2: 46 daAuts
